 Dungeon Crawl Stone Soup version 0.31.0-32-g396128a36d (webtiles) character file.

Game seed: 14065028842389563655

541 Skrrt the Grave Robber (level 7, 0/52 HPs)
             Began as a Human Necromancer on Mar 16, 2024.
             Slain by Natasha (5 damage)
             ... on level 4 of the Dungeon on Mar 17, 2024.
             The game lasted 00:12:53 (5859 turns).

Skrrt the Grave Robber (Human Necromancer)          Turns: 5859, Time: 00:12:54

Health: 0/52       AC:  4    Str:  8    XL:     7   Next: 26%
Magic:  7/10       EV: 12    Int: 24    God:
Gold:   229        SH:  0    Dex: 13    Spells: 5/10 levels left

rFire   . . .        f - +2 mace (venom)
rCold   . . .        (no shield)
rNeg    . . .        a - +0 robe
rPois   .            (no helmet)
rElec   .            (no cloak)
rCorr   .            s - +0 pair of gloves
SInv    .            t - +0 pair of boots
Will    +....        (no amulet)
Stlth   ++           W - ring of willpower
HPRegen 0.28/turn    I - +6 ring of intelligence
MPRegen 0.12/turn

%: no passive effects
@: animating dead
A: explore regen
a: no special abilities


You were on level 4 of the Dungeon.
You visited 1 branch of the dungeon, and saw 4 of its levels.
You also visited: Sewer.

You collected 229 gold pieces.


Innate Abilities, Weirdness & Mutations

You regain HP and MP as you explore.


   Skills:
 + Level 3.5 Fighting
 + Level 2.7 Maces & Flails
 - Level 2.0 Dodging
 - Level 2.0 Stealth
 - Level 2.0 Spellcasting
 - Level 7.0 Necromancy


You had 5 spell levels left.
You knew the following spells:

 Your Spells              Type           Power      Damage    Failure   Level
a - Animate Dead          Necr           36%        N/A       7%          4
X - Necrotise             Necr           100%       1d9       1%          1

Your spell library contained the following spells:

 Spells                   Type           Power      Damage    Failure   Level
 Vampiric Draining        Necr           36%        2d8       1%          3
 Blink                    Tloc           4%         N/A       19%         2
 Lesser Beckoning         Tloc           4%         N/A       19%         2
 Momentum Strike          Conj/Tloc      4%         3d8       19%         2
 Curse of Agony           Necr           36%        N/A       19%         5
 Anguish                  Hex/Necr       9%         N/A       28%         4
 Cause Fear               Hex            1%         N/A       75%         4
 Enfeeble                 Hex            1%         N/A       100%        7

Inventory:

Hand Weapons
 c - a +0 spear
 f - a +2 mace of venom (weapon)
Missiles
 d - 8 poisoned darts (quivered)
Armour
 a - a +0 robe (worn)
 s - a +0 pair of gloves (worn)
 t - a +0 pair of boots (worn)
Jewellery
 I - a +6 ring of intelligence (right hand)
 L - a ring of flight
 W - a ring of willpower (left hand)
Talismans
 n - a flux talisman
Scrolls
 e - 2 scrolls of revelation {unknown}
 g - a scroll of teleportation {unknown}
 h - a scroll of immolation {unknown}
 i - 2 scrolls of fear {unknown}
 j - 2 scrolls of vulnerability {unknown}
 k - 3 scrolls of identify {unknown}
 l - a scroll of enchant weapon {unknown}
 m - a scroll of blinking
 p - a scroll of amnesia {unknown}
 q - a scroll of noise {unknown}
 r - a scroll of poison {unknown}
Potions
 b - 3 potions of magic
 o - a potion of enlightenment {unknown}
 u - a potion of curing {unknown}

Dungeon Overview and Level Annotations

Branches:
Dungeon (4/15)              Sewer (visited)
 Temple: D:4-7

Altars:
Ashenzari
Dithmenos
Fedhas
Hepliaklqana
Nemelex Xobeh
Sif Muna
Yredelemnul
Zin
The Shining One

Shops:
D:3 *?

Annotations:
D:4 Natasha

..##.....'....÷....#...#
####.....#.........'...#
..##....###..#######...#
..##....###'####..##...#
..##......#...#........#
..##......#...#....Z..##
..##.....##..##...##..##
..##)######..##...##...#
...#).....+..#.Z@.>....#
..##......#..#.h.c##..##
..##......#..#.55.#####
..##...>.##..#.....
..##.....#...#.....#
.......###'###....##
.......#≈~≈Z≈######
..##...#~≈~≈~#
..##...#≈~≈~≈#


You could see a centaur (extremely poisoned), Natasha (ally target), 2 cerulean
imps and a friendly hound zombie.


Message History

Natasha claws you but does no damage. The centaur misses you.
The centaur barely misses you. The cerulean imp barely misses you.
Your hound zombie bites Natasha.
Natasha closely misses you. The centaur hits you.
The centaur barely misses you.
You hit the centaur but do no damage.
The centaur is poisoned.
The centaur is lightly wounded.
The cerulean imp hits you from afar with a +2 spear.
* * * LOW HITPOINT WARNING * * *
The cerulean imp hits you from afar with a +4 spear.
* * * LOW HITPOINT WARNING * * *
The centaur hits you.
* * * LOW HITPOINT WARNING * * *
The centaur closely misses you.
Your hound zombie closely misses Natasha.
Natasha claws you.
* * * LOW HITPOINT WARNING * * *
You hit the centaur.
The centaur looks as sick as possible!
The centaur is lightly wounded.
The centaur hits you.
* * * LOW HITPOINT WARNING * * *
The centaur kicks you but does no damage.
Your hound zombie bites Natasha but does no damage.
The cerulean imp hits you but does no damage.
The cerulean imp hits you from afar with a +4 spear.
* * * LOW HITPOINT WARNING * * *
The centaur barely misses you. The centaur kicks you.
* * * LOW HITPOINT WARNING * * *
Natasha claws you.
You die...
Natasha curls up and begins to purr.

Skill      XL: |  1  2  3  4  5  6 |
---------------+-------------------+-----
Fighting       | 1 2 3 |  3.5
Necromancy     | 5 6 7 |  7.0
Maces & Flails | 1 2 |  2.7
Dodging        | |  2.0
Stealth        | |  2.0
Spellcasting   | |  2.0

Action                     |  1- 3 |  4- 6 |  7- 9 || total
---------------------------+-------+-------+-------++-------
  Melee: Spear             |   170 |       |       ||   170
         Unarmed           |    10 |       |       ||    10
         Punch             |     1 |     1 |       ||     2
         Mace              |       |   177 |    37 ||   214
  Throw: Dart              |     4 |     7 |       ||    11
   Cast: Necrotise         |     4 |    35 |     1 ||    40
         Animate Dead      |       |       |     2 ||     2
    Use: Potion            |     2 |       |       ||     2
   Stab: Sleeping          |     7 |     5 |       ||    12
         Distracted        |     1 |     1 |     1 ||     3
 Armour: Robe              |    97 |   111 |    51 ||   259
         Skin              |    11 |       |       ||    11
  Dodge: Dodged            |   110 |   155 |    48 ||   313

Levels and vault maps discovered:
D:1:      doesnt_arrival_eight_statues, layout_basic, reono_crystal_passage
D:2:      layout_rooms, uniq_terence
D:3:      layout_loops_cross, grunt_temple_overflow_octagram,
          portal_sewer_entry_d, serial_shops, shop, shop
D:4:      layout_gridville, grunt_temple_overflow_holy_war, minmay_misc_feat_x,
          chequers_serial_rivers_room_b, uniq_natasha

Notes
Turn   | Place    | Note
-------+----------+-------------------------------------------
     0 | D:1      | Skrrt the Human Necromancer began the quest for the Orb.
     0 | D:1      | Reached XP level 1. HP: 13/13 MP: 3/3
   192 | D:1      | Reached skill level 1 in Fighting
   279 | D:1      | Reached XP level 2. HP: 21/21 MP: 5/5
   669 | D:1      | Reached skill level 2 in Fighting
  1216 | D:2      | Reached XP level 3. HP: 17/27 MP: 6/6
  1736 | D:2      | Noticed Terence
  1752 | D:2      | HP: 4/40 [poisoned by Terence]
  1754 | D:2      | HP: 1/40 [poisoned by Terence]
  1758 | D:2      | Killed Terence
  1759 | D:2      | Reached skill level 5 in Necromancy
  1759 | D:2      | Reached XP level 4. HP: 22/33 MP: 7/7
  2190 | D:3      | Noticed an ogre
  2206 | D:3      | HP: 1/33 [ogre/+0 giant club (32)]
  2208 | D:3      | Killed an ogre
  2209 | D:3      | Reached skill level 3 in Fighting
  2209 | D:3      | Reached XP level 5. HP: 3/41 MP: 8/8
  2359 | D:2      | Learned a level 4 spell: Animate Dead
  2534 | D:3      | Found a glowing drain.
  2554 | Sewer    | Entered a sewer
  2741 | Sewer    | HP: 4/41 [poisoned by an adder]
  2745 | Sewer    | HP: 1/41 [poisoned by an adder]
  3026 | Sewer    | Reached skill level 6 in Necromancy
  3452 | Sewer    | Reached skill level 1 in Maces & Flails
  3549 | Sewer    | Reached XP level 6. HP: 25/47 MP: 5/9
  3965 | Sewer    | Reached skill level 2 in Maces & Flails
  4151 | D:3      | Found Uxuiben's General Store.
  4527 | D:3      | Found Hoqoelan's Magic Scroll Boutique.
  4968 | D:3      | Found a shadowy altar of Dithmenos.
  4977 | D:3      | Found a shimmering blue altar of Sif Muna.
  4984 | D:3      | Found a broken altar of Ashenzari.
  4991 | D:3      | Found a glowing silver altar of Zin.
  4997 | D:3      | Found a hazy altar of Hepliaklqana.
  5005 | D:3      | Found a sparkling altar of Nemelex Xobeh.
  5010 | D:3      | Found a blossoming altar of Fedhas.
  5165 | D:4      | Reached skill level 7 in Necromancy
  5165 | D:4      | Reached XP level 7. HP: 52/52 MP: 6/10
  5711 | D:4      | Found a glowing golden altar of the Shining One.
  5713 | D:4      | Noticed an angel
  5718 | D:4      | Found a basalt altar of Yredelemnul.
  5720 | D:4      | Noticed a profane servitor
  5849 | D:4      | Noticed Natasha
  5859 | D:4      | HP: 5/52 [centaur (1)]
  5859 | D:4      | Slain by Natasha

Vanquished Creatures
  An ogre (D:3)
  A bullfrog (Sewer)
  A bombardier beetle (D:4)
  A hound (D:4)
  An orc priest (D:3)
  Terence (D:2)
  2 orc wizards (D:4)
  10 adders
  A ribbon worm (D:3)
  10 dart slugs
  4 orcs
  13 ball pythons
  14 endoplasms
  5 giant cockroaches
  3 goblins
  5 hobgoblins
  6 jackals
  8 kobolds
  3 quokkas
  4 bats
  13 frilled lizards
  4 rats
111 creatures vanquished.

Table legend: (Time is in decaauts)
 A = Elapsed time spent in this place.
 B = Non-inter-level travel time spent in this place.
 C = Inter-level travel time spent in this place.
 D = Time resting spent in this place.
 E = Time spent auto-exploring this place.
 F = Levels seen in this place.
 G = Mean time per level.
                   A        B        C        D        E       F      G
               +--------+--------+--------+--------+--------+-----+--------+
         Total |   6050 |   5868 |    182 |   1953 |   2750 |   5 | 1210.0 |
       Dungeon |   4379 |   4197 |    182 |    839 |   2588 |   4 | 1094.8 |
         Sewer |   1671 |   1671 |      0 |   1114 |    162 |   1 | 1671.0 |
               +--------+--------+--------+--------+--------+-----+--------+

Top non-repeatable levels by time:
   Sewer: 1671 daAuts
     D:1: 1261 daAuts
     D:2: 1165 daAuts
     D:3: 1130 daAuts
     D:4: 822 daAuts

Table legend:
 A = Non-vault XP
 B = Vault XP
 C = Vault XP percentage of total XP
 D = Non-vault monster count
 E = Vault monster count
 F = Vault count percentage of total count
                 A         B        C        D         E       F
            +---------+---------+-------+---------+---------+-------
      Total |     501 |     272 |  35.2 |      69 |      42 |  37.8
            +---------+---------+-------+---------+---------+-------
        D:1 |      32 |       0 |   0.0 |      18 |       0 |   0.0
        D:2 |      31 |      36 |  53.7 |      14 |       1 |   6.7
        D:3 |     220 |      14 |   6.0 |      22 |       1 |   4.3
        D:4 |     218 |       0 |   0.0 |      15 |       0 |   0.0
      Sewer |       0 |     222 | 100.0 |       0 |      40 | 100.0
            +---------+---------+-------+---------+---------+-------
